 Dungeon Crawl Stone Soup version 0.20-a0-277-g7db01f4 (webtiles) character file.

340 mopl the Stinger (level 6, 0/32 HPs)
             Began as a Deep Elf Venom Mage on Dec 13, 2016.
             Slain by an ogre
             ... wielding a +0 giant spiked club
              (19 damage)
             ... on level 4 of the Dungeon.
             The game lasted 00:07:50 (4019 turns).

mopl the Stinger (Deep Elf Venom Mage)              Turns: 4019, Time: 00:07:52

Health: 0/32       AC:  2    Str:  5    XL:     6   Next: 30%
Magic:  6/15       EV: 13    Int: 20    God:
Gold:   201        SH:  0    Dex: 17    Spells: 6/14 levels left

rFire  . . .     SeeInvis .     j - +0 spear
rCold  . . .     Gourm    .     a - +0 robe
rNeg   . . .     Faith    .     (no shield)
rPois  .         Spirit   .     (no helmet)
rElec  .         Reflect  .     (no cloak)
rCorr  .         Harm     .     (no gloves)
MR     .....                    (no boots)
Stlth  ++........               (no amulet)
                                (no ring)
                                (no ring)

@: no status effects
A: no striking features
a: no special abilities


You were on level 4 of the Dungeon.
You were not hungry.

You visited 1 branch of the dungeon, and saw 4 of its levels.

You collected 201 gold pieces.

Inventory:

Hand Weapons
 j - a +0 spear (weapon)
Missiles
 m - 10 poisoned needles
 w - 9 tomahawks (quivered)
Armour
 a - a +0 robe (worn)
Scrolls
 e - 3 scrolls of identify {unknown}
 f - 3 scrolls of remove curse {unknown}
 h - a scroll of teleportation {unknown}
 l - a scroll of enchant armour {unknown}
 q - 2 scrolls of fear {unknown}
 t - 2 scrolls of fog {unknown}
Potions
 d - a potion of degeneration {unknown}
 g - 2 potions of ambrosia {unknown}
 i - a potion of brilliance {unknown}
 k - a potion of agility {unknown}
 n - 3 potions of heal wounds {unknown}
 s - a potion of curing
 v - a potion of magic {unknown}
Books
 b - a Young Poisoner's Handbook

   Spells                             Type                      Level
   a - Sting                          Conjuration/Poison           1
   b - Mephitic Cloud                 Conjuration/Poison/Air       3
   c - Olgreb's Toxic Radiance        Poison                       4
   d - Alistair's Intoxication        Transmutation/Poison         5
   e - Venom Bolt                     Conjuration/Poison           5
 r - a book of Cantrips

   Spells                             Type                      Level
   a - Confusing Touch                Hexes                        1
   b - Animate Skeleton               Necromancy                   1
   c - Summon Small Mammal            Summoning                    1
   d - Apportation                    Translocation                1
Comestibles
 c - 4 bread rations
 o - 2 meat rations
 p - a beef jerky
 u - a chunk of flesh
 x - a slice of pizza


   Skills:
 - Level 2.4 Dodging
 - Level 2.4 Stealth
 + Level 4.8 Spellcasting
 + Level 3.2 Conjurations
 * Level 6.8 Poison Magic


You had 6 spell levels left.
You knew the following spells:

 Your Spells              Type           Power        Failure   Level  Hunger
a - Sting                 Conj/Pois      ####         1%          1    None
b - Olgreb's Toxic Radia  Pois           ####....     10%         4    ####...
d - Mephitic Cloud        Conj/Pois/Air  ###.....     10%         3    ##.....


Dungeon Overview and Level Annotations

Branches:
Dungeon (4/15)
 Temple: D:4-7

Altars:
Dithmenos
Gozag
Makhleb
Okawaru
Sif Muna
Yredelemnul


Message History

The rat is poisoned.
The giant cockroach is poisoned.
The ball python hisses angrily.
The ball python is poisoned.
The river rat is poisoned.
The ogre shouts!
The ogre is poisoned.
The ooze misses you.
The river rat twitches its whiskers.
Unknown command.
Unknown command.
The gnoll looks even sicker.
You kill the giant cockroach!
You kill the rat!
You kill the giant cockroach!
You kill the ball python!
The river rat looks even sicker.
The ogre looks even sicker.
The river rat looks even sicker.
The ogre looks even sicker.
Your toxic aura wanes.
You kill the gnoll!
The river rat bites you. The river rat barely misses you.
The ogre hits you with a giant spiked club!!
Ouch! That really hurt!
You die...

##.≈≈≈# #..≈≈≈+
#..†≈≈# #...†≈##+##
###### #...≈≈≈≈≈≈#
....># #....≈...≈#
...#.#######...O..≈≈≈#
#............Jr@....#
###.#####[#.......###
#.# #.######### # #g#
#.# # #.# #.# # #.#
#.# ####.# #.# .g...#
#.# ##########


You could see an ogre, an ooze and a river rat.

Vanquished Creatures
  A howler monkey (D:4)
  An orc wizard (D:4)
  An orc priest (D:4)
  An iguana (D:4)
  A worker ant (D:4)
  2 gnolls
  5 adders
  4 oozes
  A worm (D:3)
  2 dart slugs
  4 leopard geckos
  11 orcs
  4 giant cockroaches
  8 goblins
  11 hobgoblins
  10 jackals
  A quokka (D:2)
  2 ball pythons
  6 bats
  5 frilled lizards
  3 kobolds (D:3)
  10 rats
94 creatures vanquished.

Vanquished Creatures (others)
  A plant (D:4)
1 creature vanquished.

Grand Total: 95 creatures vanquished

Notes
Turn   | Place    | Note
-------+----------+-------------------------------------------
     0 | D:1      | mopl the Deep Elf Venom Mage began the quest for the Orb.
     0 | D:1      | Reached XP level 1. HP: 10/10 MP: 6/6
   200 | D:1      | Reached XP level 2. HP: 15/15 MP: 5/8
   395 | D:1      | Reached skill level 5 in Poison Magic
   505 | D:1      | Reached skill level 1 in Conjurations
   560 | D:1      | Reached XP level 3. HP: 19/19 MP: 0/9
   641 | D:1      | Learned a level 3 spell: Mephitic Cloud
  1198 | D:2      | Reached XP level 4. HP: 24/24 MP: 0/11
  1349 | D:2      | Learned a level 4 spell: Olgreb's Toxic Radiance
  1491 | D:2      | Reached skill level 4 in Spellcasting
  1585 | D:2      | Found an opulent altar of Gozag.
  2059 | D:2      | Reached skill level 2 in Conjurations
  2893 | D:2      | Reached XP level 5. HP: 8/28 MP: 10/13
  3257 | D:3      | Noticed a phantom
  3362 | D:3      | Found a basalt altar of Yredelemnul.
  3362 | D:3      | Found an iron altar of Okawaru.
  3367 | D:3      | Found a burning altar of Makhleb.
  3369 | D:3      | Found a shadowy altar of Dithmenos.
  3370 | D:3      | Found a deep blue altar of Sif Muna.
  3503 | D:4      | Reached skill level 6 in Poison Magic
  3714 | D:4      | Reached skill level 3 in Conjurations
  3714 | D:4      | Reached XP level 6. HP: 13/32 MP: 6/15
  4019 | D:4      | Slain by an ogre

Vault maps used:
D:1:      dpeg_arrival_arbitrary_a
D:2:      first_bread, grunt_gozag_statues
D:3:      chequers_temple_overflow_minitemple
D:4:      lemuel_castle_with_subvaults, portal_sewer_entry_e

Skill      XL: |  1  2  3  4  5 |
---------------+----------------+-----
Poison Magic   | 5 6 |  6.8
Conjurations   | 1 2 3 |  3.2
Spellcasting   | 4 |  4.8
Dodging        | |  2.4
Stealth        | |  2.4

Action                   |  1- 3 |  4- 6 || total
-------------------------+-------+-------++-------
 Cast: Sting             |    86 |   131 ||   217
       Olgreb's Toxic Ra |       |     5 ||     5
  Eat: Chunk             |     1 |     9 ||    10
Armor: Robe              |     1 |     7 ||     8
Dodge: Dodged            |    13 |    34 ||    47
